 Dungeon Crawl Stone Soup version 0.31.0-1-g2c135a0 (webtiles) character file.

Game seed: 16962655003682488356

171 jagoly the Chopper (level 5, 0/33 HPs)
             Began as a Gargoyle Monk on Jan 25, 2024.
             Slain by a lemure (2 damage)
             ... led by Pikel
             ... on level 4 of the Dungeon.
             The game lasted 00:08:36 (1093 turns).

jagoly the Chopper (Gargoyle Monk)                  Turns: 1093, Time: 00:08:37

Health: 0/33       AC:  8    Str: 16    XL:     5   Next: 51%
Magic:  0/5        EV: 17    Int: 13    God:
Gold:   53         SH:  0    Dex: 12    Spells: 4/4 levels left

rFire   . . .        a - +0 hand axe
rCold   . . .        d - orb {light}
rNeg    + . .        l - +1 leather armour of Going Fast {Int+2}
rPois   ∞            (no helmet)
rElec   +            (no cloak)
rCorr   .            (no gloves)
SInv    .            (no boots)
Will    .....        o - amulet of guardian spirit
Stlth   +            s - +5 ring of evasion
HPRegen 0.25/turn    (no ring)
MPRegen 0.09/turn

%: guardian spirit
@: glowing
A: sickness immunity, AC +4, negative energy resistance 1, electricity
resistance, torment resistance 1, petrification resistance
a: no special abilities


You were on level 4 of the Dungeon.
You visited 1 branch of the dungeon, and saw 4 of its levels.

You collected 53 gold pieces.

Inventory:

Hand Weapons
 a - a +0 hand axe (weapon)
 j - a +0 sling
Missiles
 m - 8 stones (quivered)
 x - 4 poisoned darts
Armour
 b - a +0 robe
 d - an orb of light (worn)
 l - the +1 leather armour of Going Fast (worn) {Int+2}
   (You found it on level 2 of the Dungeon)

   Int+2:     It affects your intelligence (+2).
 t - a +0 ring mail
 u - an orb of energy
Jewellery
 o - an amulet of guardian spirit (around neck)
 s - a +5 ring of evasion (left hand)
Wands
 w - a wand of flame (8)
Scrolls
 e - 3 scrolls of identify {unknown}
 f - a scroll of enchant weapon {unknown}
 g - a scroll of noise {unknown}
 h - a scroll of teleportation {unknown}
 i - 2 scrolls of immolation {unknown}
 k - a scroll of amnesia {unknown}
 p - a scroll of fog {unknown}
 y - a scroll of vulnerability {unknown}
Potions
 c - a potion of ambrosia
 n - a potion of curing {unknown}
 q - a potion of haste {unknown}
 r - a potion of lignification {unknown}
 v - 2 potions of attraction {unknown}


   Skills:
 - Level 4.0 Fighting
 * Level 4.8 Axes
 - Level 2.4 Dodging
 - Level 2.0 Stealth


You had 4 spell levels left.
You didn't know any spells.
Your spell library contained the following spells:

 Spells                   Type           Power      Damage    Failure   Level
 Apportation              Tloc           0%         N/A       36%         1
 Necrotise                Necr           0%         1d4       36%         1
 Sandblast                Erth           0%         2d4       36%         1
 Sting                    Conj/Alch      0%         1d3       36%         1
 Summon Small Mammal      Summ           0%         N/A       36%         1
 Passwall                 Erth           0%         N/A       75%         3
 Stone Arrow              Conj/Erth      0%         3d7       75%         3
 Brom's Barrelling Bould  Conj/Erth      0%         2d3       98%         4


Dungeon Overview and Level Annotations

Branches:
Dungeon (4/15) Zot: 22886
 Temple: D:4-7

Altars:

Shops:
D:3 !   D:4 *

Annotations:
D:4 Pikel


Innate Abilities, Weirdness & Mutations

You are immune to sickness and miasma.
Your stone body is resilient. (AC +4)
You are immune to poison.
You resist negative energy. (rN+)
You are resistant to electric shocks. (rElec)
You are resistant to unholy torment.
You are immune to petrification.


Message History

You kill the endoplasm!
No target in view!
You now have 24 gold pieces (gained 10).
A hobgoblin comes into view.
The hobgoblin shouts!
You hear an angry growl.
The hobgoblin hits you but does no damage.
You hit the hobgoblin but do no damage. The hobgoblin barely misses you.
You hit the hobgoblin.
The hobgoblin is lightly wounded.
The hobgoblin barely misses you.
You hit the hobgoblin.
The hobgoblin is severely wounded.
The hobgoblin hits you but does no damage.
You hit the hobgoblin.
You kill the hobgoblin!
No target in view!
Found a stone staircase leading down.
Found Woheoth's Assorted Antiques.
Found a stone staircase leading up.
A black bear comes into view.
The black bear growls angrily.
Okay, then.
You aren't carrying any items that you can evoke.
Unknown command.
You are illuminated by a small divine halo.
You are glowing.
Your movement speed is average.
Your attack delay is about 1.1.
Your damage rating with your +0 hand axe is about 9 (Base 7 x 115% (Str) x 113% (Skill)).
Your base attributes are Str 16, Int 10, Dex 12.
Unknown command.
Press: ? - help, v - describe, . - travel
Here: a black bear (haloed)
The floor.
There is a stone staircase leading up here.
You climb upwards.
There is a stone staircase leading down here.
You open the door.
There is an open door here.
You open the gate.
A frilled lizard comes into view.
The frilled lizard hisses angrily.
There is an open gate here.
The frilled lizard misses you.
You barely miss the frilled lizard. The frilled lizard barely misses you.
You hit the frilled lizard.
You kill the frilled lizard!
You have reached level 4!
You feel clever.
Found a black potion.
A quokka comes into view.
A quokka is nearby!
The quokka closely misses you. The quokka barely misses you.
You closely miss the quokka. The quokka barely misses you.
You hit the quokka.
The quokka is severely wounded.
The quokka barely misses you.
You barely miss the quokka.
The quokka is severely wounded.
The quokka closely misses you. The quokka barely misses you.
You hit the quokka.
You kill the quokka!
You see here a quokka corpse.
Why would you want to do that?
You see here a quokka corpse.
r - a black potion You open the gate.
There is an open gate here.
You open the gate.
There is an open gate here.
There is an open gate here.
A bat comes into view.
A bat is nearby!
The bat hits you but does no damage.
You hit the bat.
The bat is moderately wounded.
The bat hits you but does no damage.
You barely miss the bat.
The bat is moderately wounded.
The bat hits you but does no damage.
Found a brass ring.
Found a stone staircase leading down.
The bat closely misses you. The bat barely misses you.
The bat hits you but does no damage. The bat barely misses you.
The bat closely misses you. The bat barely misses you.
You barely miss the bat. The bat closely misses you.
You hit the bat.
The bat is moderately wounded.
The bat closely misses you.
You slash the bat!
You kill the bat!
No target in view!
No target in view!
s - a +5 ring of evasion
s - a +5 ring of evasion (left hand) As you open the door, it creaks loudly!
Found a flux talisman.
Found Ficeschar's Distillery.
There is an open door here.
You see here a flux talisman.
There is an entrance to Ficeschar's Distillery here.
You can access your shopping list by pressing '$'.
Found a ring mail.
You see here a +0 ring mail.
t - a +0 ring mail
There is an entrance to Ficeschar's Distillery here.
You open the door.
There is an open door here.
Found a glowing orb.
You see here an orb of energy.
u - an orb of energy A bat comes into view.
A bat is nearby!
The bat misses you.
You hit the bat but do no damage. The bat misses you.
The bat barely misses you. The bat hits you but does no damage.
You barely miss the bat. The bat misses you. The bat closely misses you.
The bat hits you but does no damage.
You hit the bat.
The bat is moderately wounded.
The bat hits you but does no damage. The bat completely misses you.
The bat closely misses you.
You hit the bat.
You kill the bat!
No target in view!
No target in view!
An adder comes into view.
An endoplasm comes into view.
Found three items.
The adder hisses angrily.
You hit the adder.
The adder is lightly wounded.
The endoplasm quivers.
The adder closely misses you.
You slash the adder!
The adder is almost dead.
The adder completely misses you.
You hit the adder.
You kill the adder!
The endoplasm barely misses you.
You hit the endoplasm.
The endoplasm is lightly wounded.
The endoplasm barely misses you.
You hit the endoplasm.
The endoplasm is severely wounded.
The endoplasm hits you but does no damage.
You hit the endoplasm but do no damage.
The endoplasm is severely wounded.
The endoplasm hits you.
You hit the endoplasm.
The endoplasm is almost dead.
The endoplasm jiggles.
The endoplasm freezes you.
You are frozen.
You slash the endoplasm!
You kill the endoplasm!
Training target 4.0 for Fighting reached!
Your Fighting skill increases to level 4!
No target in view!
No target in view!
v - a bubbling orange potion
v - 2 bubbling orange potions (gained 1)
w - a wand of flame (16)
i - 2 scrolls labelled FECZATTI QAUTT (gained 1)
A bat comes into view.
The helpless bat fails to defend itself.
You hit the bat but do no damage. The bat barely misses you.
The bat completely misses you.
You hit the bat.
You kill the bat!
No target in view!
No target in view!
You open the gate.
There is an open gate here.
There is an open gate here.
There is an open door here.
There is a stone staircase leading down here.
You climb downwards.
The black bear barely misses you. The black bear misses you.
The black bear barely misses you. x2
The black bear claws you. The black bear barely misses you.
There is a stone staircase leading up here.
Okay, then.
You are illuminated by a small divine halo.
You are glowing.
Your movement speed is average.
Your attack delay is about 1.1.
Your damage rating with your +0 hand axe is about 9 (Base 7 x 115% (Str) x 114% (Skill)).
Your base attributes are Str 16, Int 11, Dex 12.
Unknown command.
Aiming: Throw Flame
Press: ? - help, Shift-Dir - straight line, f - black bear
Aim: a black bear (haloed, 85% to hit)
The puff of flame hits the black bear.
The black bear is moderately wounded.
The black bear bites you.
The black bear claws you but does no damage.
The black bear completely misses you.
Aiming: Throw Flame
Press: ? - help, Shift-Dir - straight line, f/p - black bear
Aim: a black bear (lightly wounded, haloed, 85% to hit)
The puff of flame hits the black bear.
The black bear is moderately wounded.
The black bear misses you. The black bear closely misses you.
The black bear misses you.
Aiming: Throw Flame
Press: ? - help, Shift-Dir - straight line, f/p - black bear
Aim: a black bear (moderately wounded, haloed, 85% to hit)
The puff of flame hits the black bear.
The black bear is moderately wounded.
The black bear bites you! The black bear misses you.
The black bear claws you but does no damage.
Aiming: Throw Flame
Press: ? - help, Shift-Dir - straight line, f/p - black bear
Aim: a black bear (moderately wounded, haloed, 85% to hit)
The puff of flame misses the black bear.
The black bear completely misses you. The black bear claws you.
The black bear completely misses you.
Aiming: Throw Flame
Press: ? - help, Shift-Dir - straight line, f/p - black bear
Aim: a black bear (moderately wounded, haloed, 85% to hit)
The puff of flame hits the black bear.
The black bear is heavily wounded.
The black bear misses you. The black bear barely misses you.
The black bear claws you.
Aiming: Throw Flame
Press: ? - help, Shift-Dir - straight line, f/p - black bear
Aim: a black bear (heavily wounded, haloed, 85% to hit)
The puff of flame hits the black bear.
The black bear is severely wounded.
The black bear barely misses you. The black bear closely misses you.
The black bear misses you.
Aiming: Throw Flame
Press: ? - help, Shift-Dir - straight line, f/p - black bear
Aim: a black bear (severely wounded, haloed, 85% to hit)
The puff of flame hits the black bear.
The black bear is almost dead.
The black bear misses you. The black bear claws you.
* * * LOW HITPOINT WARNING * * *
The black bear completely misses you.
Aiming: Throw Flame
Press: ? - help, Shift-Dir - straight line, f/p - black bear
Aim: a black bear (almost dead, haloed, 85% to hit)
The puff of flame hits the black bear.
You kill the black bear!
Your Axes skill increases to level 4!
You have reached level 5!
A hobgoblin comes into view.
The hobgoblin shouts!
An endoplasm comes into view.
The endoplasm quivers.
You hit the hobgoblin.
The hobgoblin is severely wounded.
The hobgoblin barely misses you.
You hit the hobgoblin.
You kill the hobgoblin!
The endoplasm misses you.
You hit the endoplasm.
The endoplasm is moderately wounded.
The endoplasm hits you but does no damage.
You hit the endoplasm.
You kill the endoplasm!
No target in view!
Magic restored.
Found 4 poisoned darts.
A dart slug comes into view.
Found a rapier.
A dart slug is nearby!
Found 9 gold pieces.
Found a ring mail.
You see here 4 poisoned darts.
x - 4 poisoned darts The dart slug bites you but does no damage.
You hit the dart slug.
The dart slug is moderately wounded.
The dart slug misses you.
You hit the dart slug but do no damage.
The dart slug is moderately wounded.
The dart slug misses you.
You completely miss the dart slug.
The dart slug is moderately wounded.
You hit the dart slug but do no damage.
The dart slug is moderately wounded.
The dart slug misses you.
You hit the dart slug.
The dart slug is heavily wounded.
The dart slug launches a dart at you.
The slug dart hits you but does no damage.
You hit the dart slug.
The dart slug is heavily wounded.
You slash the dart slug!
You kill the dart slug!
No target in view!
No target in view!
You see here a +0 rapier.
You now have 33 gold pieces (gained 9).
HP restored.
Found a scroll labelled OMAUGE IQIASO.
y - a scroll labelled OMAUGE IQIASO
Found a book of Cantrips.
You pick up a book of Cantrips and begin reading...
You add the spells Sting, Necrotise, Summon Small Mammal and Apportation to your library.
e - 3 scrolls labelled MIXERO ISI CUATS (gained 1)
A giant cockroach comes into view.
The giant cockroach misses you.
You hit the giant cockroach.
You kill the giant cockroach!
A quokka comes into view.
A quokka is nearby!
A quokka comes into view.
Found 6 stones.
You completely miss the quokka.
The quokka bites you but does no damage.
You slash the quokka!
You kill the quokka!
The quokka bites you but does no damage.
You hit the quokka.
The quokka is severely wounded.
The quokka misses you.
You hit the quokka.
You kill the quokka!
No target in view!
Found a scroll labelled MIXERO ISI CUATS.
m - 9 stones (gained 6)
A lemure comes into view.
A lemure comes into view.
The lemure shouts!
You hear a shout!
Pikel, Merchant of Souls comes into view.
He is wielding a +1 whip of freezing.
A lemure comes into view. x2
You see here a giant cockroach corpse.
Found a falchion.
Found 9 gold pieces.
You now have 42 gold pieces (gained 9).
There are no items here.
Found 11 gold pieces.
You see here 11 gold pieces.
You now have 53 gold pieces (gained 11).
Press: ? - help, v - describe, . - travel
Here: a lemure (haloed)
The floor.
Throw: 9 stones
Press: ? - help, Q - select action, (/) - cycle Shift-Dir - straight line, f - lemure
Aim: a lemure (haloed, 68% to hit)
You throw a stone.
The stone hits the lemure but does no damage.
You hit the lemure.
The lemure is lightly wounded.
The lemure hits you.
You barely miss the lemure.
The lemure is lightly wounded.
You hit the lemure but do no damage. The lemure closely misses you.
The lemure hits you but does no damage.
You barely miss the lemure.
The lemure is lightly wounded.
You hit the lemure. The lemure misses you. The lemure hits you.
You hit the lemure but do no damage.
The lemure is lightly wounded.
You closely miss the lemure. The lemure closely misses you. x2
You hit the lemure.
The lemure is lightly wounded.
You hit the lemure. The lemure hits you.
The lemure hits you but does no damage.
You hit the lemure.
The lemure is moderately wounded.
You hit the lemure. The lemure barely misses you.
The lemure completely misses you.
You hit the lemure.
The lemure is moderately wounded.
You hit the lemure but do no damage. The lemure completely misses you.
The lemure hits you.
You slash the lemure!
The lemure is heavily wounded.
You closely miss the lemure. The lemure hits you but does no damage.
The lemure closely misses you.
Cleave: a) +0 hand axe
Press: ? - help, Dir - move target, f/p - lemure
Aim: a lemure (heavily wounded, haloed, about 27% to evade your +0 hand axe)
You hit the lemure but do no damage.
The lemure is heavily wounded.
You hit the lemure. The lemure hits you but does no damage.
The lemure hits you.
Cleave: a) +0 hand axe
Press: ? - help, Dir - move target, f/p - lemure
Aim: a lemure (heavily wounded, haloed, about 27% to evade your +0 hand axe)
You hit the lemure.
The lemure is severely wounded.
You hit the lemure. The lemure hits you but does no damage.
The lemure hits you.
Cleave: a) +0 hand axe
Press: ? - help, Dir - move target, f/p - lemure
Aim: a lemure (severely wounded, haloed, about 27% to evade your +0 hand axe)
You hit the lemure.
The lemure is almost dead.
You hit the lemure. The lemure hits you.
The lemure hits you but does no damage.
Cleave: a) +0 hand axe
Press: ? - help, Dir - move target, f/p - lemure
Aim: a lemure (almost dead, haloed, about 27% to evade your +0 hand axe)
You hit the lemure but do no damage.
The lemure is almost dead.
You hit the lemure. The lemure barely misses you.
The lemure closely misses you.
Cleave: a) +0 hand axe
Press: ? - help, Dir - move target, f/p - lemure
Aim: a lemure (almost dead, haloed, about 27% to evade your +0 hand axe)
You hit the lemure but do no damage.
The lemure is almost dead.
You hit the lemure. The lemure barely misses you.
The lemure closely misses you.
Cleave: a) +0 hand axe
Press: ? - help, Dir - move target, f/p - lemure
Aim: a lemure (almost dead, haloed, about 27% to evade your +0 hand axe)
You barely miss the lemure.
The lemure is almost dead.
You hit the lemure but do no damage. The lemure closely misses you. x3
The lemure hits you but does no damage.
Cleave: a) +0 hand axe
Press: ? - help, Dir - move target, f/p - lemure
Aim: a lemure (almost dead, haloed, about 27% to evade your +0 hand axe)
You hit the lemure.
You kill the lemure!
That felt strangely unrewarding.
You hit the lemure but do no damage. The lemure hits you!
* * * LOW HITPOINT WARNING * * *
Cleave: a) +0 hand axe
Press: ? - help, Dir - move target, f - lemure
Aim: a lemure (heavily wounded, haloed, about 27% to evade your +0 hand axe)
You hit the lemure.
The lemure is severely wounded.
You barely miss the lemure. The lemure barely misses you. The lemure hits you!
* * * LOW HITPOINT WARNING * * *
Cleave: a) +0 hand axe
Press: ? - help, Dir - move target, f/p - lemure
Aim: a lemure (severely wounded, haloed, about 27% to evade your +0 hand axe)
You barely miss the lemure.
The lemure is severely wounded.
You barely miss the lemure. The lemure closely misses you.
The lemure barely misses you.
Cleave: a) +0 hand axe
Press: ? - help, Dir - move target, f/p - lemure
Aim: a lemure (severely wounded, haloed, about 27% to evade your +0 hand axe)
You hit the lemure.
The lemure is severely wounded.
You barely miss the lemure. The lemure closely misses you.
The lemure completely misses you.
Cleave: a) +0 hand axe
Press: ? - help, Dir - move target, f/p - lemure
Aim: a lemure (severely wounded, haloed, about 27% to evade your +0 hand axe)
You hit the lemure.
The lemure is severely wounded.
You hit the lemure but do no damage. The lemure misses you.
The lemure hits you.
* * * LOW HITPOINT WARNING * * *
The lemure misses you.
Cleave: a) +0 hand axe
Press: ? - help, Dir - move target, f/p - lemure
Aim: a lemure (severely wounded, haloed, about 27% to evade your +0 hand axe)
Okay, then.
Okay, then.
Cleave: a) +0 hand axe
Press: ? - help, Dir - move target, f/p - lemure
Aim: a lemure (severely wounded, haloed, about 27% to evade your +0 hand axe)
You hit the lemure but do no damage.
The lemure is severely wounded.
You hit the lemure. The lemure completely misses you.
The lemure hits you but does no damage.
Cleave: a) +0 hand axe
Press: ? - help, Dir - move target, f/p - lemure
Aim: a lemure (severely wounded, haloed, about 27% to evade your +0 hand axe)
You hit the lemure but do no damage.
The lemure is severely wounded.
You hit the lemure but do no damage. The lemure barely misses you.
The lemure misses you.
Cleave: a) +0 hand axe
Press: ? - help, Dir - move target, f/p - lemure
Aim: a lemure (severely wounded, haloed, about 27% to evade your +0 hand axe)
You barely miss the lemure.
The lemure is severely wounded.
You hit the lemure. The lemure closely misses you.
The lemure barely misses you.
Cleave: a) +0 hand axe
Press: ? - help, Dir - move target, f/p - lemure
Aim: a lemure (severely wounded, haloed, about 27% to evade your +0 hand axe)
You completely miss the lemure.
The lemure is severely wounded.
You hit the lemure but do no damage. The lemure hits you.
* * * LOW HITPOINT WARNING * * *
The lemure misses you.
Cleave: a) +0 hand axe
Press: ? - help, Dir - move target, f/p - lemure
Aim: a lemure (severely wounded, haloed, about 27% to evade your +0 hand axe)
You hit the lemure.
The lemure is almost dead.
You hit the lemure. The lemure hits you but does no damage.
The lemure misses you.
Cleave: a) +0 hand axe
Press: ? - help, Dir - move target, f/p - lemure
Aim: a lemure (almost dead, haloed, about 27% to evade your +0 hand axe)
You hit the lemure.
You kill the lemure!
That felt strangely unrewarding.
You hit the lemure but do no damage. The lemure hits you.
You die...

. #.
#.###########
###.........5@#
##............##
##.............#
#..............#
#.............#
##
#...........##
.####..........#
...##.........##
#......).....##


You could see a lemure.

Vanquished Creatures
  A black bear (D:4)
  2 lemures (D:4)
  3 adders
  4 dart slugs
  4 ball pythons
  7 endoplasms
  A giant cockroach (D:4)
  2 goblins
  2 hobgoblins (D:4)
  5 kobolds
  5 quokkas
  7 bats
  A frilled lizard (D:3)
  3 rats
47 creatures vanquished.

Notes
Turn   | Place    | Note
-------+----------+-------------------------------------------
     0 | D:1      | jagoly the Gargoyle Monk began the quest for the Orb.
     0 | D:1      | Reached XP level 1. HP: 14/14 MP: 1/1
   118 | D:1      | Reached skill level 1 in Stealth
   120 | D:1      | Reached XP level 2. HP: 19/19 MP: 2/2
   227 | D:2      | Identified the +1 leather armour of Going Fast {Int+2}
   251 | D:2      | Found a faded altar of an unknown god.
   276 | D:2      | Reached XP level 3. HP: 17/23 MP: 3/3
   525 | D:4      | Found Woheoth's Assorted Antiques.
   526 | D:4      | Noticed a black bear
   577 | D:3      | Reached XP level 4. HP: 29/29 MP: 4/4
   656 | D:3      | Found Ficeschar's Distillery.
   894 | D:4      | Killed a black bear
   895 | D:4      | Reached XP level 5. HP: 15/33 MP: 3/5
  1024 | D:4      | Noticed a lemure
  1025 | D:4      | Noticed a lemure
  1025 | D:4      | Noticed Pikel
  1025 | D:4      | Noticed a lemure
  1025 | D:4      | Noticed a lemure
  1083 | D:4      | Killed a lemure
  1091 | D:4      | HP: 1/33 [lemure[Pikel] (3)]
  1093 | D:4      | Killed a lemure
  1093 | D:4      | Slain by a lemure

Illustrated notes

Levels and vault maps discovered:
D:1:      arrival_zaba_pyramid, layout_basic
D:2:      minmay_recursive_quarters, layout_rooms,
          shapermc_ecumenical_altar_pompeii
D:3:      minmay_inner_zag, layout_basic, serial_shops, shop, kennysheep_donut,
          lexackson_kobold_supper
D:4:      layout_cave_pods, serial_shops, shop, uniq_pikel

Skill      XL: |  1  2  3  4 |
---------------+-------------+-----
Stealth        | 1 2 |  2.0
Axes           | 3 4 |  4.8
Fighting       | 4 |  4.0
Dodging        | |  2.4

Action                     |  1- 3 |  4- 6 || total
---------------------------+-------+-------++-------
  Melee: Hand axe          |    97 |    64 ||   161
  Throw: Stone             |     1 |     1 ||     2
  Evoke: Wand              |       |     8 ||     8
   Stab: Sleeping          |       |     1 ||     1
 Armour: Robe              |    25 |       ||    25
         Leather armour    |    28 |    43 ||    71
  Dodge: Dodged            |    57 |    81 ||   138
